AoeStats
← Lukita

Arena

508241930Analyzed
4v4 RM · 9d ago on Sep 21, 2026· 43m 30s· 8 players
Game mode
Random Map
Map size
Large (8 player)
Population
200
Speed
Normal
Resources
Standard
Victory
Conquest
Starting age
Dark Age
Ending age
Imperial Age
RankedLock teamsTeams togetherTeam positionsShared explorationLock speedFull tech treeHidden civsTurbo modeCheats
Victory
Defeat
🇬🇧 Ethiopians · United Kingdom
1118
+11
🇲🇽 Persians · Mexico
1103
+11
🇬🇧 Portuguese · United Kingdom
1093
+12
🇵🇪 Bohemians · Peru
944
+18
🇦🇲 Byzantines · Armenia
1015
-14
🇨🇦 Franks · Canada
1007
-13
🇨🇳 Turks · China
990
-13
🇹🇷 Britons · Türkiye
963
-12
g.mag
5:10 Loom
11:54 Feudal Age
15:58 Castle Age
14:11 Double-Bit Axe
20:05 Bow Saw
19:38 Horse Collar
32:48 Imperial Age
31:14 Wheelbarrow
30:42 Heavy Plow
31:38 Scale Barding Armor
31:50 Forging
32:08 Fletching
33:53 Hand Cart
35:13 Logistica
34:32 Onager
34:52 Elite Cataphract
36:26 Chain Barding Armor
37:00 Capped Ram
38:31 Plate Barding Armor
38:32 Iron Casting
37:59 Bodkin Arrow
38:55 Logistica
39:25 Ballistics
39:01 Murder Holes
40:09 Chemistry
40:30 Padded Archer Armor
41:08 Onager
43:07 Onager
Big Naturals
4:24 Loom
11:59 Feudal Age
12:36 Double-Bit Axe
15:50 Castle Age
18:13 Bow Saw
23:35 Forging
24:55 Husbandry
25:04 Scale Barding Armor
29:28 Imperial Age
29:48 Chain Barding Armor
30:05 Iron Casting
31:18 Gold Mining
32:30 Plate Barding Armor
Nightman
12:36 Feudal Age
16:57 Castle Age
15:36 Double-Bit Axe
16:03 Horse Collar
16:45 Gold Mining
18:01 Loom
18:34 Bow Saw
18:26 Heavy Plow
20:51 Gold Shaft Mining
22:20 Stone Mining
23:52 Crossbowman
25:06 Forging
31:20 Imperial Age
29:38 Wheelbarrow
30:11 Padded Archer Armor
30:02 Fletching
30:49 Iron Casting
31:50 Bodkin Arrow
33:19 Leather Archer Armor
34:06 Squires
33:27 Pikeman
35:35 Ring Archer Armor
35:06 Bracer
36:14 Conscription
36:36 Hand Cart
36:51 Halberdier
38:23 Scale Mail Armor
40:49 Chain Mail Armor
41:17 Gambesons
40:53 Man-at-Arms
hlj
13:00 Feudal Age
13:47 Double-Bit Axe
16:52 Loom
19:45 Castle Age
17:46 Horse Collar
18:28 Gold Mining
21:18 Wheelbarrow
21:01 Bow Saw
21:47 Stone Mining
25:31 Heavy Plow
27:12 Forging
29:14 Gold Shaft Mining
30:37 Caravan
31:02 Hand Cart
34:20 Imperial Age
33:08 Ballistics
33:28 Bloodlines
33:19 Husbandry
33:29 Scale Barding Armor
34:00 Iron Casting
36:34 Iron Casting
36:19 Chain Barding Armor
35:50 Arrowslits
36:02 Murder Holes
36:03 Fletching
36:13 Padded Archer Armor
35:54 Heavy Camel Rider
38:24 Artillery
39:52 Bodkin Arrow
40:13 Leather Archer Armor
40:59 Blast Furnace
40:34 Plate Barding Armor
39:44 Treadmill Crane
danielgib
11:35 Feudal Age
15:55 Castle Age
14:04 Double-Bit Axe
14:01 Horse Collar
15:44 Stone Mining
16:45 Wheelbarrow
19:58 Gold Mining
21:30 Fletching
Lukita
1:49 Loom
11:47 Feudal Age
12:13 Horse Collar
12:20 Double-Bit Axe
13:17 Wheelbarrow
18:17 Castle Age
18:09 Gold Mining
19:47 Hand Cart
21:21 Bow Saw
25:30 Town Watch
26:30 Gold Shaft Mining
26:35 Stone Mining
27:11 Heavy Plow
30:46 Imperial Age
28:39 Ballistics
28:30 Fortified Wall
29:47 Town Patrol
31:26 Fletching
32:48 Chemistry
31:36 Heavy Scorpion
34:59 Torsion Engines
41:51 Siege Engineers
alexisxsegura
10:46 Feudal Age
14:29 Castle Age
13:04 Double-Bit Axe
13:01 Horse Collar
15:36 Wheelbarrow
15:14 Bow Saw
18:02 Heavy Plow
22:55 Stone Mining
24:00 Gold Mining
26:59 Scale Barding Armor
27:04 Forging
30:03 Imperial Age
28:41 Hand Cart
30:51 Chain Barding Armor
31:07 Iron Casting
30:23 Fletching
31:02 Conscription
32:01 Gold Shaft Mining
32:02 Stone Shaft Mining
30:55 Elite War Elephant
32:15 Plate Barding Armor
32:47 Two-Man Saw
32:07 Husbandry
32:17 Bloodlines
34:15 Blast Furnace
marshall_o18
0:45 Loom
10:13 Feudal Age
16:54 Castle Age
14:54 Double-Bit Axe
16:12 Horse Collar
28:23 Imperial Age
28:42 Chemistry
27:48 Arson
27:24 Pikeman
31:26 Squires
40:51 Houfnice
Connection lost

Rejoining the realm…

Still unreachable

The connection could not be restored.

Session expired

The server has moved on; the page needs a fresh start.